 Dungeon Crawl Stone Soup version 0.21.0-3-g78d12a8 (webtiles) character file.

2588 MTVSty1e the Cleaver (level 9, -7/81 HPs)
             Began as a Minotaur Monk on Jan 9, 2018.
             Was a Priest of Okawaru.
             Mangled by a hornet (9 damage)
             ... on level 8 of the Dungeon.
             The game lasted 00:15:13 (6943 turns).

MTVSty1e the Cleaver (Minotaur Monk)                Turns: 6943, Time: 00:15:14

Health: -7/81      AC:  9    Str: 18    XL:     9   Next: 32%
Magic:  8/8        EV: 12    Int:  7    God:    Okawaru [***...]
Gold:   385        SH:  0    Dex: 18    Spells: 8/8 levels left

rFire    . . .     SeeInvis +   u - +0 war axe
rCold    . . .     Gourm    .   (no shield)
rNeg     . . .     Faith    .   l - +2 ring mail "Xaseop" {Dex+4}
rPois    .         Spirit   .   (helmet restricted)
rElec    .         Reflect  .   e - scarf {cloud immunity}
rCorr    .         Harm     .   s - +1 pair of gloves
MR       .....                  (no boots)
Stlth    +.........             (no amulet)
HPRegen  0.23/turn              j - ring of see invisible
MPRegen  0.11/turn              (no ring)

@: hasted and slowed
A: retaliatory headbutt, horns 2
a: Heroism, Renounce Religion


You were on level 8 of the Dungeon.
You worshipped Okawaru.
Okawaru was most pleased with you.
You were not hungry.

You visited 2 branches of the dungeon, and saw 9 of its levels.

You collected 385 gold pieces.

Inventory:

Hand Weapons
 a - a +0 hand axe
 u - a +0 war axe (weapon)
Armour
 e - a scarf of cloud immunity (worn)
 k - a +0 plate armour
 l - the +2 ring mail "Xaseop" (worn) {Dex+4}
   (You found it on level 4 of the Dungeon)

   It affects your dexterity (+4).
 n - a +0 cloak
 s - a +1 pair of gloves (worn)
Jewellery
 j - a ring of see invisible (left hand)
Wands
 f - a wand of flame (59)
Scrolls
 b - a scroll of teleportation
 d - 3 scrolls of identify
 i - 3 scrolls of remove curse
 p - 3 scrolls of fear
 t - a scroll of enchant armour
Potions
 g - a potion of invisibility
 h - a potion of curing
 m - 2 potions of brilliance
 q - 2 potions of lignification
 r - a potion of haste
Comestibles
 c - 3 rations


   Skills:
 + Level 8.0 Fighting
 * Level 13.3 Axes
 - Level 3.2 Dodging
 - Level 1.5 Stealth


You had 8 spell levels left.
You didn't know any spells.

Dungeon Overview and Level Annotations

Branches:
Dungeon (8/15)             Temple (1/1) D:6
   Lair: D:8-11

Altars:
Ashenzari
Cheibriados
Dithmenos
Elyvilon
Fedhas
Gozag
Hepliaklqana
Kikubaaqudgha
Makhleb
Nemelex Xobeh
Okawaru
Qazlal
Ru
Sif Muna
Trog
Uskayaw
Vehumet
Wu Jian
Xom
Yredelemnul
Zin
The Shining One

Shops:
D:5 *


Innate Abilities, Weirdness & Mutations

You reflexively headbutt those who attack you in melee.
You have a pair of horns on your head.


Message History

The orc wizard casts a spell.
The orc wizard flickers and vanishes for a moment.
The hornet stings you!
* * * LOW HITPOINT WARNING * * *
You feel as though you will be slow longer.
The vampire mosquito barely misses you.
You feel yourself speed up. The hornet stings you.
* * * LOW HITPOINT WARNING * * *
You feel as though you will be slow longer.
The vampire mosquito bites you but does no damage. x2
The hornet stings you.
* * * LOW HITPOINT WARNING * * *
You feel as though you will be slow longer.
The vampire mosquito bites you.
* * * LOW HITPOINT WARNING * * *
The vampire mosquito draws strength from your injuries!
Okay, then.
The vampire mosquito barely misses you. You furiously retaliate!
You headbutt the vampire mosquito. The hornet stings you!
You die...

#.Z.... .....#. ..#.#.#
#[....z.
#.....###.Z...z.. ..
##.##..##......... ...
............o....
##.######.##..##.#.......
........).###.y#o#Z...##.
.............@y.o.Z......
........[####yy..o.#####.
.......<[≈# ####...#
###.##..≈## #...# # #...#
#..... #..≈'J# #<...##
##..#..J# #.....#
#.≈##### #[....# ##.≈
..o..#


You could see a hornet, 3 vampire mosquitoes, an orc priest, an orc wizard
(invisible), an orc, a leopard gecko zombie (wandering), a bullfrog zombie and a
wyvern zombie.

Vanquished Creatures
  A hungry ghost (D:7)
  The ghost of othur the Skirmisher, an amateur GrFi (D:3)
  An orc warrior (D:5)
  2 phantoms
  A black bear (D:7)
  A sky beast (D:6)
  An ogre (D:5)
  A centaur (D:7)
  A crocodile (D:8)
  4 bullfrogs
  9 crimson imps
  2 centaur zombies
  3 bullfrog zombies
  A hound (D:7)
  3 bullfrog skeletons
  7 orc wizards
  5 orc priests
  A centaur skeleton (D:5)
  2 jellies
  2 worker ants
  A killer bee zombie (D:7)
  A hound zombie (D:5)
  A hound skeleton (D:6)
  Robin (D:4)
  4 gnolls (D:1)
  4 adders
  2 shadow imps
  2 white imps (D:7)
  6 oozes
  3 worms
  4 dart slugs
  7 leopard geckos
  22 orcs
  3 bats
  5 giant cockroaches
  14 goblins
  11 hobgoblins
  14 jackals
  A quokka (D:5)
  2 frilled lizards
  9 kobolds
  A leopard gecko zombie (D:5)
  7 rats
174 creatures vanquished.

Notes
Turn   | Place    | Note
-------+----------+-------------------------------------------
     0 | D:1      | MTVSty1e the Minotaur Monk began the quest for the Orb.
     0 | D:1      | Reached XP level 1. HP: 19/19 MP: 0/0
    49 | D:1      | Reached skill level 4 in Axes
    55 | D:1      | Reached XP level 2. HP: 16/26 MP: 1/1
   679 | D:1      | Reached skill level 5 in Axes
   816 | D:1      | Reached XP level 3. HP: 24/31 MP: 2/2
  1223 | D:2      | Reached skill level 6 in Axes
  1223 | D:2      | Reached XP level 4. HP: 39/39 MP: 3/3
  1796 | D:2      | Found a glowing silver altar of Zin.
  1797 | D:2      | Found a basalt altar of Yredelemnul.
  2007 | D:3      | Found an ancient bone altar of Kikubaaqudgha.
  2007 | D:3      | Found a deep blue altar of Sif Muna.
  2009 | D:3      | Found a radiant altar of Vehumet.
  2011 | D:3      | Identified Kikubaaqudgha's Incunabulum of Black Arts
  2106 | D:3      | Reached skill level 7 in Axes
  2106 | D:3      | Reached XP level 5. HP: 44/45 MP: 4/4
  2288 | D:3      | Reached skill level 8 in Axes
  2299 | D:3      | Reached XP level 6. HP: 41/51 MP: 5/5
  2375 | D:3      | Noticed othur's ghost (amateur GrFi)
  2383 | D:3      | Killed othur's ghost
  2383 | D:3      | Reached skill level 9 in Axes
  2538 | D:3      | Found a shadowy altar of Dithmenos.
  2539 | D:3      | Found a sparkling altar of Nemelex Xobeh.
  2541 | D:3      | Found a stormy altar of Qazlal.
  2541 | D:3      | Found a burning altar of Makhleb.
  2541 | D:3      | Found a hazy altar of Hepliaklqana.
  2543 | D:3      | Found a bloodstained altar of Trog.
  2543 | D:3      | Found a blossoming altar of Fedhas.
  2544 | D:3      | Found a white marble altar of Elyvilon.
  2816 | D:4      | Got a bronze ring mail
  2817 | D:4      | Identified the +2 ring mail "Xaseop" {Dex+4} (You found it on level 4 of the Dungeon)
  2897 | D:4      | Noticed Robin
  2927 | D:4      | Killed Robin
  3108 | D:4      | Reached XP level 7. HP: 50/57 MP: 6/6
  3528 | D:5      | Entered Level 5 of the Dungeon
  3640 | D:5      | Reached skill level 10 in Axes
  4168 | D:5      | Reached skill level 5 in Fighting
  4555 | D:5      | Found Zazxy's General Store.
  4834 | D:6      | Reached skill level 11 in Axes
  4834 | D:6      | Reached XP level 8. HP: 54/69 MP: 7/7
  5009 | D:6      | Found a staircase to the Ecumenical Temple.
  5030 | Temple   | Entered the Ecumenical Temple
  5083 | Temple   | Became a worshipper of Warmaster Okawaru
  5083 | Temple   | Reached * piety under Okawaru
  5083 | Temple   | Reached ** piety under Okawaru
  5440 | D:6      | Found a deep blue altar of Sif Muna.
  5480 | D:6      | Found a bloodstained altar of Trog.
  5683 | D:7      | Reached skill level 12 in Axes
  5990 | D:7      | Reached XP level 9. HP: 58/79 MP: 8/8
  6243 | D:7      | Reached skill level 13 in Axes
  6605 | D:8      | Reached *** piety under Okawaru
  6942 | D:8      | HP: 2/81 [vampire mosquito (5)]
  6943 | D:8      | Mangled by a hornet

Skill      XL: |  1  2  3  4  5  6  7  8  9 |
---------------+----------------------------+-----
Axes           | 4 5 6 7 8 9 11 12 13 | 13.3
Fighting       | 5 7 8 |  8.0
Dodging        | |  3.2
Stealth        | |  1.5

Action                   |  1- 3 |  4- 6 |  7- 9 || total
-------------------------+-------+-------+-------++-------
Melee: Hand axe          |    68 |   164 |    63 ||   295
       Headbutt          |    10 |    25 |    55 ||    90
       War axe           |       |       |   191 ||   191
  Use: Potion            |     1 |     3 |     3 ||     7
       Scroll            |       |    10 |     5 ||    15
 Stab: Sleeping          |     1 |       |     2 ||     3
  Eat: Ration            |     1 |     1 |     5 ||     7
Armor: Ring mail         |     8 |    46 |    78 ||   132
       Robe              |     1 |       |       ||     1
Dodge: Dodged            |    65 |    91 |   165 ||   321
